 Dungeon Crawl Stone Soup version 0.23-a0-164-g7711e57 (webtiles) character file.

5586 Kikal the Grappler (level 10, -13/76 HPs)
             Began as a Mummy Monk on Sept 10, 2018.
             Was the Champion of Cheibriados.
             Mangled by an ogre
             ... wielding a +0 giant spiked club
              (17 damage)
             ... on level 10 of the Dungeon.
             The game lasted 00:54:15 (12625 turns).

Kikal the Grappler (Mummy Monk)                    Turns: 12625, Time: 00:54:16

Health: -13/76     AC:  8    Str: 30    XL:     10   Next: 45%
Magic:  0/18       EV: 15    Int: 28    God:    Cheibriados [******]
Gold:   231        SH:  7    Dex: 31    Spells: 16/20 levels left

rFire    x . .     SeeInvis .     - Unarmed
rCold    + . .     Gourm    .   g - +0 buckler
rNeg     + + +     Faith    .   v - +1 ring mail (curse)
rPois    ∞         Spirit   +   (no helmet)
rElec    .         Reflect  .   p - +1 cloak
rCorr    .         Harm     .   (no gloves)
MR       +....                  (no boots)
Stlth    ++........             k - amulet of guardian spirit
HPRegen  0.22/turn              i - +2 ring of dexterity
MPRegen  0.16/turn              (no ring)

@: very slightly contaminated, very slow
A: no food or potions, fire vulnerability, cold resistance 1, negative energy
resistance 3, torment resistance, unbreathing
a: Bend Time, Temporal Distortion, Slouch, Step From Time, Renounce Religion


You were on level 10 of the Dungeon.
You worshipped Cheibriados.
Cheibriados was exalted by your worship.
You were not hungry.

You visited 1 branch of the dungeon, and saw 10 of its levels.

You collected 431 gold pieces.
You spent 200 gold pieces at shops.

Inventory:

Missiles
 b - 194 stones (quivered)
 c - 9 javelins
 n - 7 silver tomahawks
 s - 2 throwing nets
 w - 51 poisoned needles
Armour
 f - a +0 plate armour
 g - a +0 buckler (worn)
 p - a +1 cloak (worn)
 v - a cursed +1 ring mail (worn)
Magical Staves
 q - an uncursed staff of wizardry {unknown}
 A - an uncursed staff of power {unknown}
Jewellery
 i - a +2 ring of dexterity (left hand)
 k - an amulet of guardian spirit (around neck)
Wands
 d - a wand of flame (26)
 u - a wand of enslavement (19)
 y - a wand of iceblast (3)
Scrolls
 a - a scroll of enchant armour
 h - 3 scrolls of remove curse
 j - 3 scrolls of identify
 m - 4 scrolls of magic mapping
 o - a scroll of amnesia {unknown}
 r - a scroll of random uselessness {unknown}


   Skills:
 - Level 6.0 Fighting
 - Level 2.9 Armour
 + Level 3.5 Dodging
 - Level 1.5 Stealth
 - Level 4.1 Shields
 + Level 8.5 Unarmed Combat
 - Level 5.5 Spellcasting
 - Level 4.5 Hexes
 + Level 4.1 Invocations


You had 16 spell levels left.
You knew the following spells:

 Your Spells              Type           Power        Failure   Level  Hunger
a - Confusing Touch       Hex            ####..       1%          1    N/A
b - Confuse               Hex            ####....     4%          3    N/A

Your spell library contained the following spells:

 Spells                   Type           Power        Failure   Level  Hunger
 Magic Dart               Conj           #...         9%          1    N/A
 Dazzling Spray           Conj/Hex       ###...       11%         3    N/A
 Searing Ray              Conj           #.....       14%         2    N/A
 Gell's Gravitas          Tloc           #.........   26%         3    N/A
 Fulminant Prism          Conj/Hex       ###.......   34%         4    N/A
 Force Lance              Conj/Tloc      #.......     65%         4    N/A
 Iskenderun's Mystic Bla  Conj           #.......     65%         4    N/A
 Petrify                  Tmut/Erth      #.......     65%         4    N/A
 Metabolic Englaciation   Hex/Ice        ###.......   67%         5    N/A
 Yara's Violent Unravell  Hex/Tmut       ###.......   67%         5    N/A

Dungeon Overview and Level Annotations

Branches:
Dungeon (10/15)            Temple (0/1) D:4            Lair (0/6) D:9
    Orc (0/2) D:9

Altars:
Ashenzari
Cheibriados
Fedhas
Hepliaklqana
Okawaru
Sif Muna
Vehumet
Zin
The Shining One

Shops:
D:5 (:[%   D:6 %=[*[

Annotations:
D:6 exclusions: electric eel and water moccasin
D:8 1 transporter, Harold


Innate Abilities, Weirdness & Mutations

You do not eat or drink.
Your flesh is vulnerable to fire.
You are immune to poison.
Your flesh is cold resistant. (rC+)
You are immune to negative energy. (rN+++)
You are immune to unholy pain and torment.
You can survive without breathing.


Message History

* * * LOW HITPOINT WARNING * * *
You take 1 damage, and have 6/76 hp.
The bullfrog hits you.
* * * LOW HITPOINT WARNING * * *
The bullfrog barely misses you.
You take 3 damage, and have 3/76 hp.
You now have 2/18 mp.
You punch the bullfrog!
The bullfrog hits you but does no damage.
You barely miss the bullfrog. The bullfrog barely misses you.
You punch the bullfrog!
You kill the bullfrog!
Cheibriados thoroughly appreciates the change of pace.
Aim: an ogre, wielding a giant spiked club The mass of ice explodes!
The iceblast engulfs the ogre.
You hear a croak.
You barely miss the ogre. You block the ogre's attack.
You hit the ogre but do no damage. You punch the ogre!
The ogre hits you with a giant spiked club!!
You die...

## .... #.#...
...... ##
##.... ...
....# ....
##...##....
#..>.......
##..@.......
##...O.......
##............
#.....<.......
##...#........
##...........
#...........
##..........
#..........


You could see an ogre.

Vanquished Creatures
  2 two-headed ogres
  A troll (D:9)
  Prince Ribbit (D:9)
  A hippogriff (D:9)
  Menkaure (D:7)
  An orc warrior (D:6)
  4 ice beasts
  A necrophage (D:7)
  2 phantoms
  A sky beast (D:9)
  4 ogres
  4 wolves (D:8)
  A crocodile (D:9)
  3 centaurs
  6 bullfrogs
  2 big kobolds
  A water moccasin zombie (D:7)
  5 scorpions
  A howler monkey (D:4)
  4 crimson imps
  A bullfrog zombie (D:7)
  2 hounds (D:6)
  3 orc priests
  Crazy Yiuf (D:3)
  6 orc wizards
  A bullfrog skeleton (D:6)
  A centaur skeleton (D:4)
  4 iguanas
  3 worker ants
  A worker ant zombie (D:7)
  6 gnolls
  6 adders
  A shadow imp (D:6)
  2 white imps (D:8)
  A worker ant simulacrum (D:8)
  2 adder zombies
  A worm (D:4)
  2 dart slugs
  An adder simulacrum (D:8)
  4 leopard geckos
  27 orcs
  8 bats
  3 giant cockroaches
  7 goblins
  7 hobgoblins
  4 quokkas
  3 ball pythons
  3 frilled lizards
  19 kobolds
  A quokka skeleton (D:7)
  5 rats
182 creatures vanquished.

Notes
Turn   | Place    | Note
-------+----------+-------------------------------------------
     0 | D:1      | Kikal the Mummy Monk began the quest for the Orb.
     0 | D:1      | Reached XP level 1. HP: 18/18 MP: 1/1
   841 | D:1      | Reached XP level 2. HP: 21/24 MP: 2/2
   918 | D:1      | Reached skill level 3 in Unarmed Combat
  1596 | D:2      | Found a snail-covered altar of Cheibriados.
  1773 | D:2      | Became a worshipper of Cheibriados the Contemplative
  1773 | D:2      | Reached * piety under Cheibriados
  1773 | D:2      | Reached ** piety under Cheibriados
  1867 | D:2      | Reached XP level 3. HP: 29/29 MP: 3/3
  2328 | D:3      | Reached skill level 4 in Unarmed Combat
  2526 | D:3      | Reached XP level 4. HP: 31/35 MP: 1/4
  2717 | D:3      | Found a radiant altar of Vehumet.
  2717 | D:3      | Noticed an ogre
  2825 | D:2      | Reached *** piety under Cheibriados
  2973 | D:3      | Reached XP level 5. HP: 39/41 MP: 5/5
  3067 | D:3      | Found a runed door.
  3497 | D:4      | Found a staircase to the Ecumenical Temple.
  3515 | D:3      | Reached skill level 1 in Armour
  3862 | D:4      | Reached skill level 5 in Unarmed Combat
  4257 | D:4      | Reached **** piety under Cheibriados
  4426 | D:4      | Reached XP level 6. HP: 45/47 MP: 4/6
  4574 | D:4      | Reached skill level 2 in Armour
  4731 | D:4      | Found a deep blue altar of Sif Muna.
  4955 | D:5      | Entered Level 5 of the Dungeon
  5142 | D:5      | Found Xomozen's Food Emporium.
  5400 | D:5      | Found Xeirchese's Antique Weapon Boutique.
  5602 | D:5      | Found Tyrem's Armour Shoppe.
  5627 | D:5      | Found Ejol's Book Shoppe.
  5962 | D:6      | Found Lurits's Armour Shop.
  5962 | D:6      | Noticed an orc warrior
  6066 | D:6      | Reached skill level 6 in Unarmed Combat
  6083 | D:5      | Bought a book of Misfortune for 200 gold pieces
  6086 | D:5      | Learned a level 1 spell: Confusing Touch
  6090 | D:5      | Learned a level 3 spell: Confuse
  6206 | D:6      | Noticed a water moccasin
  6210 | D:6      | Found a glowing golden altar of the Shining One.
  6232 | D:6      | Reached XP level 7. HP: 38/52 MP: 4/8
  6280 | D:6      | Reached skill level 1 in Spellcasting
  6382 | D:6      | Found Ufabb's Food Shoppe.
  6427 | D:6      | Found a shattered altar of Ashenzari.
  6530 | D:6      | Found Xahainycs's Armour Emporium.
  6728 | D:6      | Found Kauluit's Assorted Antiques.
  6770 | D:6      | Found an iron altar of Okawaru.
  6771 | D:6      | Found a hazy altar of Hepliaklqana.
  6799 | D:6      | Found Faten's Jewellery Boutique.
  6807 | D:6      | Found a blossoming altar of Fedhas.
  6870 | D:6      | Reached skill level 2 in Spellcasting
  6870 | D:6      | Reached skill level 1 in Hexes
  7226 | D:3      | Noticed Crazy Yiuf
  7235 | D:3      | Killed Crazy Yiuf
  7411 | D:3      | Reached skill level 4 in Fighting
  7411 | D:3      | Reached skill level 3 in Spellcasting
  7411 | D:3      | Reached skill level 2 in Hexes
  7639 | D:3      | Reached ***** piety under Cheibriados
  7848 | D:7      | Noticed a two-headed ogre
  8056 | D:6      | Reached XP level 8. HP: 27/61 MP: 7/13
  8389 | D:6      | HP: 1/61 [two-headed ogre/giant club (15)]
  8392 | D:6      | Killed a two-headed ogre
  8392 | D:6      | Reached skill level 5 in Fighting
  8392 | D:6      | Reached skill level 5 in Spellcasting
  8392 | D:6      | Reached skill level 4 in Hexes
  8953 | D:7      | Reached skill level 6 in Fighting
  9014 | D:6      | Reached XP level 9. HP: 52/69 MP: 13/17
  9187 | D:7      | Reached skill level 1 in Invocations
  9262 | D:7      | Found a glowing silver altar of Zin.
  9448 | D:7      | Reached skill level 2 in Invocations
  9778 | D:7      | Reached skill level 7 in Unarmed Combat
 10028 | D:7      | Noticed Menkaure
 10033 | D:7      | Killed Menkaure
 10033 | D:7      | Reached skill level 3 in Invocations
 10480 | D:8      | Noticed Harold
 10496 | D:8      | Found a transporter.
 10498 | D:8      | Noticed an ice dragon
 10746 | D:7      | You fall through a shaft for 2 floors!
 10746 | D:9      | Found a staircase to the Orcish Mines.
 10777 | D:9      | Reached skill level 8 in Unarmed Combat
 10777 | D:9      | Reached skill level 4 in Invocations
 10841 | D:9      | Found a blossoming altar of Fedhas.
 10922 | D:9      | Noticed Prince Ribbit
 10944 | D:9      | Killed Prince Ribbit
 10944 | D:9      | Reached skill level 1 in Shields
 11147 | D:9      | Reached skill level 2 in Shields
 11147 | D:9      | Reached XP level 10. HP: 44/76 MP: 10/18
 11284 | D:9      | Noticed a two-headed ogre
 11295 | D:9      | Killed a two-headed ogre
 11295 | D:9      | Reached skill level 3 in Shields
 11378 | D:8      | Reached skill level 4 in Shields
 11741 | D:9      | Reached skill level 3 in Dodging
 12326 | D:9      | Reached ****** piety under Cheibriados
 12360 | D:9      | Found a staircase to the Lair.
 12561 | D:9      | Noticed a cyan ugly thing
 12598 | D:9      | HP: 1/76 [cyan ugly thing (12)]
 12615 | D:10     | Entered Level 10 of the Dungeon
 12618 | D:10     | HP: 3/76 [bullfrog (3)]
 12625 | D:10     | Mangled by an ogre

Vault maps used:
D:1:      elethiomel_arrival_infinity_welcomes_careful_drivers
D:2:      minmay_wonky_spiral, first_ration, cheibriados_altar_1
D:3:      overflow_temple_1_default, uniq_crazy_yiuf_cottage
D:4:      kennysheep_mini, minmay_temple_entry_grid, serial_bayou_lagoon_a
D:5:      serial_shops, nicolae_shop_trees, kennysheep_little_box, shop,
          nicolae_shop_behind_doors, kennysheep_decorative_pillar,
          roderic_lattice_a
D:6:      old_standard_altar, ashenzari_conservatory_becter,
          gammafunk_temple_overflow_statue, basic_altar, serial_shops, shop,
          shop_statue, shop, shop, nicolae_shop_waterfront, minmay_crystal_water
D:7:      nicolae_overflow_crystal_walls, uniq_menkaure
D:8:      gammafunk_temple_overflow_elements, nicolae_gozag_zags_fifth_avenue,
          gammafunk_temple_overflow_arena, serial_ice, serial_ice_k,
          serial_ice_n, serial_ice_g, serial_ice_c, serial_ice_f, serial_ice_a,
          serial_ice_m, serial_ice_d, serial_ice_h, serial_ice_e, uniq_harold
D:9:      lemuel_round_altar, dpeg_oklobed_lair, orc_0_dummy, grunt_ogre_cave,
          uniq_prince_ribbit1

Skill      XL: |  1  2  3  4  5  6  7  8  9 10 |
---------------+-------------------------------+-----
Unarmed Combat | 3 4 5 6 8 |  8.5
Armour         | 1 2 |  2.9
Spellcasting   | 3 5 |  5.5
Hexes          | 2 4 |  4.5
Fighting       | 4 6 |  6.0
Invocations    | 4 |  4.1
Shields        | 2 4 |  4.1
Dodging        | 3 |  3.5
Stealth        | |  1.5

Action                   |  1- 3 |  4- 6 |  7- 9 | 10-12 || total
-------------------------+-------+-------+-------+-------++-------
Melee: Unarmed           |   145 |   228 |   458 |   119 ||   950
Throw: Stone             |     4 |     1 |       |       ||     5
 Cast: Confusing Touch   |       |       |    33 |     7 ||    40
       Confuse           |       |       |     2 |     5 ||     7
Evoke: Wand              |       |       |     4 |     5 ||     9
  Use: Scroll            |       |     3 |     6 |     9 ||    18
 Stab: Sleeping          |     5 |     2 |     2 |     1 ||    10
       Distracted        |       |     1 |       |       ||     1
       Confused          |       |       |    22 |     2 ||    24
Armor: Robe              |    36 |       |       |       ||    36
       Ring mail         |       |    64 |   120 |    30 ||   214
Dodge: Dodged            |    92 |   113 |   208 |    85 ||   498
Block: Buckler           |    19 |    50 |    97 |    41 ||   207

Table legend:
 A = Non-vault XP
 B = Vault XP
 C = Vault XP percentage of total XP
 D = Non-vault monster count
 E = Vault monster count
 F = Vault count percentage of total count
                 A         B        C        D         E       F
            +---------+---------+-------+---------+---------+-------
      Total |    6339 |    1641 |  20.6 |     164 |      18 |   9.9
            +---------+---------+-------+---------+---------+-------
        D:1 |      22 |       0 |   0.0 |      13 |       0 |   0.0
        D:2 |      92 |      15 |  14.0 |      19 |       2 |   9.5
        D:3 |     315 |      40 |  11.3 |      34 |       1 |   2.9
        D:4 |     251 |       0 |   0.0 |      12 |       0 |   0.0
        D:5 |      49 |       0 |   0.0 |       6 |       0 |   0.0
        D:6 |    1909 |       0 |   0.0 |      25 |       0 |   0.0
        D:7 |    1237 |     307 |  19.9 |      28 |       2 |   6.7
        D:8 |     204 |     889 |  81.3 |       4 |      11 |  73.3
        D:9 |    2167 |     390 |  15.3 |      22 |       2 |   8.3
       D:10 |      93 |       0 |   0.0 |       1 |       0 |   0.0
            +---------+---------+-------+---------+---------+-------
